 Dungeon Crawl Stone Soup version 0.30-a0-23-ge60ba3568b (webtiles) character file.

Game seed: 787542438698334240

72628 rubashov the Fighter (level 15, -6/112 HPs)
             Began as a Djinni Fire Elementalist on Aug 24, 2022.
             Was the Champion of Okawaru.
             Mangled by a caustic shrike simulacrum (22 damage)
             ... in an ice cave.
             The game lasted 02:09:12 (34232 turns).

rubashov the Fighter (Djinni Fire Elementalist)    Turns: 34232, Time: 02:09:14

Health: -6/112     AC: 10    Str: 15    XL:     15   Next: 87%
Gold:   2277       EV: 19    Int: 30    God:    Okawaru [******] SH:  6 Dex: 18

rFire   + + .      SeeInvis .    b - +6 trident "Fiaghix" {speed, rN+ rCorr}
rCold   + + .      Faith    +    J - +0 buckler {reflect}
rNeg    + + .      Spirit   .    V - +3 robe "Uzen Oro" {rC+ rN+ Int+4}
rPois   ∞          Reflect  +    t - +1 helmet "Alic" {rF+ rCorr Int+2}
rElec   .          Harm     .    x - +0 cloak
rCorr   +          Rampage  .    n - +0 pair of gloves {hurl}
Will    +....                    (boots unavailable)
Stlth   ++........               E - amulet of faith
HPRegen 0.28/turn                m - ring of protection from cold
MPRegen 0.00/turn                N - ring "Bautyr" {Ice Str+4 Int+4 Dex+4}

@: flying, very slightly contaminated
A: sickness immunity, fire resistance 2, cold vulnerability 1, float, innate
caster, HP casting, extra vitality 1
a: Renounce Religion, Heroism, Finesse, Duel


You were in an ice cave.
You worshipped Okawaru.
Okawaru was exalted by your worship.
You visited 3 branches of the dungeon, and saw 21 of its levels.
You also visited: Ice Cave.

You collected 2368 gold pieces.
You spent 91 gold pieces at shops.

Inventory:

Hand Weapons
 a - the +4 sling of Chaos {vorpal, Str+2 Int+4 Dex+3 SInv}
   (You found it on level 11 of the Dungeon)

   Any ammunition fired from it inflicts extra damage upon your enemies.
   Str:       It affects your strength (+2).
   Int:       It affects your intelligence (+4).
   Dex:       It affects your dexterity (+3).
   SInv:      It lets you see invisible.
 b - the +6 trident "Fiaghix" (weapon) {speed, rN+ rCorr}
   (Okawaru gifted it to you on level 10 of the Dungeon)

   Attacks with this weapon are significantly faster.
   rN:        It protects you from negative energy.
   rCorr:     It protects you from acid and corrosion.
 W - the +5 glaive of Victory {holy, Drain Str-2 Dex+9 SInv}
   (Okawaru gifted it to you on level 2 of the Lair of Beasts)

   It has been blessed by the Shining One to cause great damage to the undead
   and demons.
   Str:       It affects your strength (-2).
   Dex:       It affects your dexterity (+9).
   SInv:      It lets you see invisible.
   Drain:     It drains your maximum health when unequipped.
Missiles
 g - 202 stones
 L - 10 throwing nets
Armour
 n - a +0 pair of gloves of hurling (worn)
 t - the +1 helmet "Alic" (worn) {rF+ rCorr Int+2}
   (Okawaru gifted it to you on level 5 of the Lair of Beasts)

   Int:       It affects your intelligence (+2).
   rF:        It protects you from fire.
   rCorr:     It protects you from acid and corrosion.
 w - a +1 robe of the Archmagi
 x - a +0 cloak (worn)
 J - a +0 buckler of reflection (worn)
 R - +0 fire dragon scales
 V - the +3 robe "Uzen Oro" (worn) {rC+ rN+ Int+4}
   (Okawaru gifted it to you on level 1 of the Lair of Beasts)

   Int:       It affects your intelligence (+4).
   rC:        It protects you from cold.
   rN:        It protects you from negative energy.
Jewellery
 m - a ring of protection from cold (left hand)
 B - a ring of wizardry
 E - an amulet of faith (around neck)
 F - a ring of see invisible
 N - the ring "Bautyr" (right hand) {Ice Str+4 Int+4 Dex+4}
   (You acquired it on level 9 of the Dungeon)

   [ring of ice]

   It enhances your ice magic.
   Str:       It affects your strength (+4).
   Int:       It affects your intelligence (+4).
   Dex:       It affects your dexterity (+4).
   rF:        It makes you vulnerable to fire.
   rC:        It protects you from cold.
 S - a ring of resist corrosion
 X - a ring of willpower
Wands
 k - a wand of digging (6)
 z - a wand of mindburst (10)
 G - a wand of flame (44)
 I - a wand of roots (20)
 M - a wand of quicksilver (5)
 Q - a wand of polymorph (11)
Scrolls
 d - 2 scrolls of enchant armour
 o - 7 scrolls of teleportation
 p - 2 scrolls of summoning
 q - 4 scrolls of enchant weapon
 y - 2 scrolls of blinking
 A - 3 scrolls of poison
 D - 5 scrolls of butterflies
 H - 4 scrolls of fear
 T - a scroll of magic mapping
Potions
 e - 5 potions of mutation
 h - 8 potions of might
 i - a potion of resistance
 j - 4 potions of brilliance
 l - a potion of ambrosia
 r - 15 potions of curing
 s - 3 potions of cancellation
 v - a potion of berserk rage
 K - 5 potions of lignification
 O - a potion of haste {unknown}
 P - 4 potions of attraction
Miscellaneous
 c - a lightning rod (4/4)


   Skills:
 - Level 12.0 Fighting
 - Level 0.6 Long Blades
 * Level 11.6 Polearms
 - Level 5.0 Armour
 - Level 12.0 Dodging
 - Level 1.5 Stealth
 - Level 6.0 Shields
 - Level 10.0 Spellcasting
 - Level 7.0 Invocations
 - Level 6.0 Evocations


You couldn't memorise any spells.
You knew the following spells:

 Your Spells              Type           Power      Damage    Failure   Level
a - Foxfire               Conj/Fire      100%       2x1d9     1%          1
b - Scorch                Fire           100%       2d10      1%          2
c - Conjure Flame         Conj/Fire      66%        6-21      1%          3
d - Inner Flame           Hex/Fire       66%        N/A       1%          3
e - Flame Wave            Conj/Fire      66%        2d15      1%          4
f - Beastly Appendage     Tmut           100%       N/A       1%          1
g - Blink                 Tloc           100%       N/A       1%          2
h - Static Discharge      Conj/Air       66%        3-12/arc  1%          2
i - Animate Armour        Summ/Erth      100%       N/A       1%          4
j - Alistair's Intoxicat  Tmut/Pois      44%        N/A       1%          5
k - Agony                 Necr           66%        N/A       1%          5
l - Dispersal             Tloc           33%        N/A       11%         6
Your spell library was empty.

Dungeon Overview and Level Annotations

Branches:
Dungeon (15/15)            Temple (1/1) D:6            Lair (5/5) D:11
  Swamp (0/4) Lair:3       Spider (0/4) Lair:3        Slime (0/5) Lair:4
    Orc (0/2) D:12         Vaults (0/5) D:14         Depths (0/4) D:15
  IceCv (1/1)

Altars:
Ashenzari
Cheibriados
Dithmenos
Elyvilon
Fedhas
Gozag
Hepliaklqana
Makhleb
Nemelex Xobeh
Okawaru
Qazlal
Ru
Trog
Uskayaw
Wu Jian
Xom
Yredelemnul
Zin
The Shining One
Jiyva

Shops:
D:7 :   D:11 *   D:15 [

Portals:
Trove: D:13 (give 17 potions of curing)


Innate Abilities, Weirdness & Mutations

You are immune to sickness and miasma.
You are immune to poison.
Your flesh is very heat resistant. (rF++)
You are vulnerable to cold. (rC-)
You float through the air rather than walking.
You learn spells naturally, not from books.
Your magical power is your life essence.
You have superior vitality. (+4 MHP)


Message History

Press: ? - help, Dir - move target, f/p - lindwurm simulacrum
Aim: a lindwurm simulacrum (almost destroyed, more vulnerable to fire, about 5% to evade the +6 trident "Fiaghix")
You reach to attack!
You hit the lindwurm simulacrum.
The lindwurm simulacrum is almost destroyed.
You hit the lindwurm simulacrum.
The lindwurm simulacrum vaporises!
Okawaru accepts your kill.
You puncture the caustic shrike simulacrum!
The caustic shrike simulacrum vaporises!
Okawaru accepts your kill.
You start resting.
A caustic shrike simulacrum is nearby!
Aiming: Throw Flame
Press: ? - help, Shift-Dir - straight line, f - caustic shrike simulacrum
Aim: a caustic shrike simulacrum (wandering, hasn't noticed you, 64% to hit)
The puff of flame hits the caustic shrike simulacrum.
The caustic shrike simulacrum melts!
The caustic shrike simulacrum is lightly damaged.
Aiming: Throw Flame
Press: ? - help, Shift-Dir - straight line, f/p - caustic shrike simulacrum
Aim: a caustic shrike simulacrum (lightly damaged, 64% to hit)
The puff of flame hits the caustic shrike simulacrum but does no damage.
The caustic shrike simulacrum is lightly damaged.
Casting: Scorch (safe; 1% risk of failure)
Confirm with . or Enter, or press ? or * to list all spells.
Flames lash the caustic shrike simulacrum.
The caustic shrike simulacrum melts!
The caustic shrike simulacrum is heavily damaged.
The caustic shrike simulacrum's fire resistance burns away.
* * * LOW HITPOINT WARNING * * *
Casting: Scorch (safe; 1% risk of failure)
Confirm with . or Enter, or press ? or * to list all spells.
Casting: Dispersal (dangerous; 11% risk of failure)
Press: ? - help, Dir - look around, f - activate You miscast Dispersal.
You are very lightly contaminated with residual magic.
Nothing appears to happen.
* * * LOW HITPOINT WARNING * * *
The caustic shrike simulacrum claws you!!
You die...

####### #######
#[/[..## ##.....#
#).....###......#
.#.......#.......#
............∩..∩.#
.#.......#.......#
#$.....###......#
#?(/..## ##...Z@#
####### #######


You could see a caustic shrike simulacrum (combustible).

Vanquished Creatures
  A minotaur (Lair:1)
  Snorg (D:12)
  2 vault guards (D:14)
  2 caustic shrike simulacra (IceCv)
  2 boulder beetles
  5 hydras
  3 centaur warriors
  2 catoblepae (D:13)
  3 two-headed ogres
  9 death yaks
  A bog body (Lair:2)
  2 wizards (D:14)
  A necromancer (D:14)
  2 deep elf pyromancers
  4 manticores
  5 cyclopes
  17 elephants
  5 black mambas
  Joseph (D:8)
  A torpor snail (Lair:5)
  13 cane toads
  2 gargoyles
  Maggie (D:8)
  3 rime drakes
  Psyche (D:8)
  11 komodo dragons
  2 tengu conjurers (D:14)
  A freezing wraith (D:11)
  2 ice devils (Lair:2)
  2 anaconda simulacra (IceCv)
  3 trolls
  3 golden dragon simulacra (IceCv)
  7 polar bears
  2 tyrant leeches
  Grinder (D:6)
  7 hornets
  11 slime creatures
  A wolf spider simulacrum (D:14)
  11 blink frogs
  A dream sheep (Lair:5)
  3 culicivoras (Lair:3)
  4 dire elephant simulacra
  2 shadows
  14 spriggans (Lair:5)
  A vampire (D:13)
  5 basilisks
  20 humans (D:14)
  3 wyverns
  26 yaks
  A redback (shapeshifter) (D:14)
  4 vampire mosquitoes (D:12)
  15 water moccasins
  3 black bears (Lair:5)
  5 orc warriors
  An ogre (D:7)
  28 wolves
  4 boggarts (Lair:5)
  2 alligator simulacra (IceCv)
  7 centaurs
  2 phantoms
  4 kobold brigands
  7 bullfrogs
  7 gnoll sergeants
  A two-headed ogre simulacrum (Lair:2)
  4 scorpions
  4 wights (D:10)
  An elephant simulacrum (Lair:2)
  9 killer bees
  2 lindwurm simulacra (IceCv)
  5 howler monkeys
  3 orc priests
  7 hounds
  4 jellies
  4 gnoll boudas (D:9)
  Crazy Yiuf (D:6)
  Terence (D:2)
  9 orc wizards
  5 iguanas
  2 troll simulacra (Lair:2)
  A hell rat (D:11)
  A naga simulacrum (Lair:2)
  4 adders
  43 gnolls
  A river rat (D:11)
  3 white imps
  3 worms
  A dart slug (D:4)
  26 orcs
  3 ball pythons
  3 bats
  7 endoplasms
  A giant cockroach (D:2)
  5 goblins
  5 hobgoblins
  12 jackals
  3 quokkas
  5 frilled lizards
  A goblin skeleton (D:6)
  A hobgoblin zombie (D:6)
  15 kobolds
  2 kobold skeletons (D:6)
  3 kobold zombies (D:6)
  5 rats
  A butterfly (D:6)
539 creatures vanquished.

Vanquished Creatures (others)
  A shadow imp (D:5)
  3 orcs (D:5)
  2 jackals (D:5)
  42 foxfires
  37 fungi
  46 plants
131 creatures vanquished.

Grand Total: 670 creatures vanquished

Notes
Turn   | Place    | Note
-------+----------+-------------------------------------------
     0 | D:1      | rubashov the Djinni Fire Elementalist began the quest for
                  | the Orb.
     0 | D:1      | rubashov set off with the following spells memorised:
                  | Foxfire, Scorch, Conjure Flame, Inner Flame, Flame Wave.
     0 | D:1      | Reached XP level 1. HP: 15/15 MP: 0/0
   412 | D:1      | Reached XP level 2. HP: 14/21 MP: 0/0
  1094 | D:1      | Reached XP level 3. HP: 17/26 MP: 0/0
  1094 | D:1      | Learned a level 1 spell: Beastly Appendage
  1635 | D:2      | Identified a scroll of acquirement
  1635 | D:2      | Acquired 714 gold pieces
  1772 | D:2      | You are sucked into a shaft and drop 1 floor!
  2033 | D:3      | Reached XP level 4. HP: 27/31 MP: 0/0
  2202 | D:3      | Found a white marble altar of Elyvilon.
  2229 | D:2      | Noticed Terence
  2235 | D:2      | Killed Terence
  2236 | D:2      | Reached skill level 1 in Fighting
  2473 | D:2      | Identified the +8 dagger of Kad Edav {flame, rPois rF++
                  | Str-3 Dex-5}
  3251 | D:3      | Reached XP level 5. HP: 35/37 MP: 0/0
  3251 | D:3      | Learned a level 2 spell: Blink
  3537 | D:4      | Noticed a phantom
  4130 | D:4      | Killed a phantom
  4131 | D:4      | Reached XP level 6. HP: 31/43 MP: 0/0
  4262 | D:4      | Found the +7 mace of Variability {chain chaos}
  4463 | D:5      | Entered Level 5 of the Dungeon
  4470 | D:5      | Found a glowing silver altar of Zin.
  4578 | D:5      | Reached skill level 5 in Spellcasting
  4595 | D:5      | Reached XP level 7. HP: 32/49 MP: 0/0
  4595 | D:5      | Learned a level 2 spell: Static Discharge
  4945 | D:5      | Identified the +0 robe of the Stag {rF+ rN++ Will- Stlth+}
  5676 | D:6      | Reached XP level 8. HP: 46/58 MP: 0/0
  5775 | D:6      | Reached skill level 5 in Dodging
  5798 | D:6      | Found a glowing golden altar of the Shining One.
  5986 | D:6      | Found a staircase to the Ecumenical Temple.
  6000 | Temple   | Entered the Ecumenical Temple
  6060 | Temple   | Became a worshipper of Warmaster Okawaru
  6103 | D:6      | Found a burning altar of Makhleb.
  6312 | D:6      | Noticed Grinder
  6325 | D:6      | Killed Grinder
  6326 | D:6      | Reached skill level 5 in Fighting
  6435 | D:6      | Reached * piety under Okawaru
  6695 | D:6      | Found a runed translucent door.
  6696 | D:6      | Noticed Crazy Yiuf
  6703 | D:6      | Killed Crazy Yiuf
  7157 | D:7      | Found a sacrificial altar of Ru.
  7213 | D:7      | Found a basalt altar of Yredelemnul.
  7282 | D:7      | Found Ymisurrele's Tremendous Tomes.
  7341 | D:7      | Reached XP level 9. HP: 42/66 MP: 0/0
  7341 | D:7      | Learned a level 4 spell: Animate Armour
  7841 | D:8      | Noticed a two-headed ogre
  7854 | D:8      | Killed a two-headed ogre
  7854 | D:8      | Reached ** piety under Okawaru
  7921 | D:8      | Noticed Joseph
  7946 | D:8      | Killed Joseph
  8129 | D:8      | Reached *** piety under Okawaru
  8130 | D:8      | Reached XP level 10. HP: 49/76 MP: 0/0
  8866 | D:8      | Noticed Psyche
  8875 | D:8      | Killed Psyche
  8876 | D:8      | Reached skill level 1 in Armour
  8876 | D:8      | Reached skill level 1 in Invocations
  8876 | D:8      | Reached skill level 1 in Evocations
  9253 | D:8      | Noticed Maggie
  9790 | D:8      | Killed Maggie
  9977 | D:8      | Reached **** piety under Okawaru
 10649 | D:9      | Found a shadowy altar of Dithmenos.
 11705 | D:9      | Noticed a two-headed ogre
 11754 | D:9      | Killed a two-headed ogre
 11754 | D:9      | Reached ***** piety under Okawaru
 11755 | D:9      | Reached XP level 11. HP: 71/82 MP: 0/0
 11755 | D:9      | Learned a level 5 spell: Alistair's Intoxication
 12024 | D:9      | Acquired the ring "Bautyr" {Ice Str+4 Int+4 Dex+4}
 12473 | D:10     | Entered Level 10 of the Dungeon
 13721 | D:10     | Identified the +6 trident "Fiaghix" {speed, rN+ rCorr}
                  | (Okawaru gifted it to you on level 10 of the Dungeon)
 13721 | D:10     | Received a gift from Okawaru
 14379 | D:11     | Noticed a death yak
 14635 | D:11     | Noticed a manticore
 14649 | D:11     | Killed a manticore
 14717 | D:11     | Noticed a six-headed hydra
 14726 | D:11     | Killed a six-headed hydra
 14792 | D:11     | Reached ****** piety under Okawaru
 15011 | D:11     | Found Rien's Gadget Gallery.
 15019 | D:11     | Bought a wand of polymorph (5) for 91 gold pieces
 15029 | D:11     | Identified the +4 sling of Chaos {vorpal, Str+2 Int+4 Dex+3
                  | SInv}
 15170 | D:11     | Found a staircase to the Lair.
 15173 | D:11     | Noticed a death yak
 15242 | D:11     | Identified the +1 ring mail of the Nexus {rPois Str+3
                  | Slay-5}
 15255 | D:11     | Killed a death yak
 15255 | D:11     | Received a gift from Okawaru
 15256 | D:11     | Reached skill level 10 in Fighting
 15256 | D:11     | Reached XP level 12. HP: 40/91 MP: 0/0
 15309 | D:11     | Reached skill level 5 in Invocations
 15609 | D:11     | Noticed a death yak
 16026 | D:11     | Reached skill level 10 in Dodging
 16068 | D:11     | Killed a death yak
 16299 | D:11     | Reached skill level 1 in Polearms
 16784 | Lair:1   | Entered Level 1 of the Lair of Beasts
 17452 | Lair:1   | Identified the +3 robe "Uzen Oro" {rC+ rN+ Int+4} (Okawaru
                  | gifted it to you on level 1 of the Lair of Beasts)
 17452 | Lair:1   | Received a gift from Okawaru
 17453 | Lair:1   | Reached skill level 5 in Polearms
 18132 | Lair:1   | Found a runed translucent door.
 18573 | Lair:1   | Noticed a minotaur
 18594 | Lair:1   | Killed a minotaur
 18946 | Lair:2   | Reached XP level 13. HP: 85/96 MP: 0/0
 18946 | Lair:2   | Learned a level 5 spell: Agony
 20148 | Lair:2   | Identified the +5 glaive of Victory {holy, Drain Str-2
                  | Dex+9 SInv} (Okawaru gifted it to you on level 2 of the
                  | Lair of Beasts)
 20148 | Lair:2   | Received a gift from Okawaru
 21222 | Lair:3   | Found a staircase to the Swamp.
 21473 | Lair:3   | Received a gift from Okawaru
 21474 | Lair:3   | Found the +15 Maxwell's patent armour {-Cast -Tele rElec
                  | Will+ rCorr}
 21946 | Lair:3   | Found a hole to the Spider Nest.
 22278 | Lair:4   | Reached skill level 10 in Polearms
 22349 | Lair:4   | Found a staircase to the Slime Pits.
 22349 | Lair:4   | Found a viscous altar of Jiyva.
 22349 | Lair:4   | Noticed an eight-headed hydra
 22380 | Lair:4   | Killed an eight-headed hydra
 22602 | Lair:4   | Reached skill level 1 in Shields
 23440 | Lair:5   | Entered Level 5 of the Lair of Beasts
 23621 | Lair:5   | Reached XP level 14. HP: 38/103 MP: 0/0
 23984 | Lair:5   | Received a gift from Okawaru
 24951 | Lair:5   | Reached skill level 5 in Armour
 24951 | Lair:5   | Reached skill level 5 in Evocations
 25456 | Lair:5   | Identified the +1 helmet "Alic" {rF+ rCorr Int+2} (Okawaru
                  | gifted it to you on level 5 of the Lair of Beasts)
 25456 | Lair:5   | Received a gift from Okawaru
 28206 | D:12     | Identified the +1 robe "Dikh" {rPois Str+7 Int-5 SInv}
                  | (Okawaru gifted it to you on level 12 of the Dungeon)
 28206 | D:12     | Received a gift from Okawaru
 28489 | D:12     | Reached XP level 15. HP: 111/112 MP: 0/0
 28489 | D:12     | Learned a level 6 spell: Dispersal
 28917 | D:12     | Found a staircase to the Orcish Mines.
 29029 | D:12     | Noticed Snorg
 29074 | D:12     | Killed Snorg
 30185 | D:13     | Found a portal to a secret trove of treasure.
 30805 | D:13     | Reached skill level 5 in Shields
 31752 | D:13     | Reached skill level 10 in Spellcasting
 32496 | D:14     | Identified the +1 short sword "Unkish" {vorpal, Str+2 Int-3
                  | Dex+8} (Okawaru gifted it to you on level 14 of the
                  | Dungeon)
 32496 | D:14     | Received a gift from Okawaru
 32855 | D:14     | Found a glowing silver altar of Zin.
 33662 | D:14     | Received a gift from Okawaru
 33828 | D:14     | Found a gate to the Vaults.
 33972 | D:15     | Entered Level 15 of the Dungeon
 33990 | D:15     | Found a bloodstained altar of Trog.
 33992 | D:15     | Found Lurase's Armour Shop.
 34056 | D:15     | Found a frozen archway.
 34084 | IceCv    | Entered an ice cave
 34157 | IceCv    | Noticed a white very ugly thing
 34232 | IceCv    | Mangled by a caustic shrike simulacrum

Illustrated notes

Levels and vault maps discovered:
D:1:      dpeg_arrival_boxes_within_box, layout_basic, minmay_misc_feat_iff
D:2:      layout_loops_ring, kennysheep_donut, serial_park_tiny_1,
          amcnicky_mini_pool_small, columned_hall_lemuel, serial_bayou_pond_c,
          chequers_serial_rivers_small_b, uniq_terence
D:3:      layout_loops_ring, nicolae_overflow_hidden_temple
D:4:      layout_rooms
D:5:      layout_rooms, mainiacjoe_overflow_surrounded_room,
          minmay_fountain_box, small_statue_alley_b, nrook_mini_vaults,
          interstate_on_off, kennysheep_another_room, lemuel_flamethrower_2
D:6:      layout_cave_pools, nicolae_tso_besieged_by_evil,
          makhleb_heckhound_becter, minmay_temple_entry_butterflies,
          palyth_stone_intersect, chequers_serial_rivers_micro_b,
          dreamdust_princess_bridge, uniq_grinder, uniq_crazy_yiuf_cottage
D:7:      layout_rooms, nicolae_ru_sacrificial_ziggurat, lemuel_tele_altar,
          st_stairs_7, nicolae_shop_i_like_big_books
D:8:      layout_loops_corners, uniq_joseph, uniq_psyche, uniq_maggie
D:9:      layout_cave_pools, mainiacjoe_overflow_paths, kennysheep_little_box,
          serial_gnoll_camp, gnoll_camp_huts_basic, gnoll_camp_mini_loothouse,
          gnoll_camp_medium_02, gnoll_camp_mini_hut, gnoll_camp_medium_01
D:10:     layout_loops_ring
D:11:     layout_stronghold, dpeg_lair_monsters, nicolae_shop_gadgets
D:12:     layout_gridville, david_orc_4, minmay_misc_feat_cross, uniq_snorg
D:13:     layout_long_grid, enter_trove_2
D:14:     layout_small_grid, grunt_vaults_entry_tiered,
          chequers_serial_rivers_small_a, zin_statuary
D:15:     grunt_enter_depths_snipers, layout_irregular_city,
          nicolae_wu_jian_immortal_techniques, portal_ice_cave_entry_pillars_1,
          serial_shops, shop, bloody_trog
Temple:   zaba_magenta_temple
Lair:1:   dreamdust_labyrinth, layout_long_grid
Lair:2:   dreamdust_isle_of_ice, layout_chaotic_city, minivault_23,
          infiniplex_staircase_pool_2
Lair:3:   layout_loops_ring, minmay_swamp_entry_worms,
          hellmonk_spider_entry_life_and_decay
Lair:4:   layout_misc_corridors, nicolae_slime_entry_slimehenge
Lair:5:   minmay_lair_end_enchanted_forest, layout_loops_ring
IceCv:    ice_cave_statue_garden_chambered

Skill      XL: |  1  2  3  4  5  6  7  8  9 10 11 12 13 14 15 |
---------------+----------------------------------------------+-----
Spellcasting   | 3 4 5 6 8 9 10 | 10.0
Fighting       | 1 2 4 6 8 10 12 | 12.0
Dodging        | 3 4 6 8 9 10 11 12 | 12.0
Armour         | 2 4 5 |  5.0
Invocations    | 2 4 7 |  7.0
Evocations     | 2 4 6 |  6.0
Polearms       | 6 10 11 | 11.6
Shields        | 2 4 6 |  6.0
Long Blades    | |  0.6
Stealth        | |  1.5

Action                   |  1- 3 |  4- 6 |  7- 9 | 10-12 | 13-15 || total
-------------------------+-------+-------+-------+-------+-------++-------
Melee: Trident           |       |       |       |    72 |  1591 ||  1663
       Punch             |       |       |       |       |     5 ||     5
 Fire: Sling             |    54 |    53 |    90 |   166 |    30 ||   393
 Cast: Foxfire           |    17 |     4 |     1 |     2 |       ||    24
       Scorch            |    13 |    48 |    99 |   348 |    45 ||   553
       Conjure Flame     |       |       |     5 |    36 |    72 ||   113
       Flame Wave        |       |       |       |     9 |    10 ||    19
       Blink             |       |       |       |     3 |    22 ||    25
       Agony             |       |       |       |       |     2 ||     2
       Dispersal         |       |       |       |       |     8 ||     8
Invok: Heroism           |       |       |       |     1 |     5 ||     6
       Finesse           |       |       |       |     1 |       ||     1
Evoke: Wand              |       |       |       |     1 |    19 ||    20
  Use: Scroll            |     5 |     4 |     7 |     7 |    10 ||    33
       Potion            |       |       |       |       |     6 ||     6
 Stab: Sleeping          |       |       |       |       |     4 ||     4
       Distracted        |       |       |       |       |     1 ||     1
       Invisible         |       |       |       |       |     7 ||     7
Armor: Robe              |     6 |     6 |     4 |    44 |   149 ||   209
Dodge: Dodged            |    13 |    14 |    26 |   182 |   511 ||   746
Block: Buckler           |       |       |       |       |   121 ||   121
       Reflection        |       |       |       |       |     1 ||     1

Table legend: (Time is in decaauts)
 A = Elapsed time spent in this place.
 B = Non-inter-level travel time spent in this place.
 C = Inter-level travel time spent in this place.
 D = Time resting spent in this place.
 E = Time spent auto-exploring this place.
 F = Levels seen in this place.
 G = Mean time per level.
                   A        B        C        D        E       F      G
               +--------+--------+--------+--------+--------+-----+--------+
         Total |  33691 |  32253 |   1438 |  15248 |  11347 |  22 | 1531.4 |
       Dungeon |  23032 |  21964 |   1068 |  10571 |   7881 |  15 | 1535.5 |
        Temple |     77 |     55 |     22 |      0 |     50 |   1 |   77.0 |
          Lair |  10453 |  10105 |    348 |   4657 |   3416 |   5 | 2090.6 |
      Ice Cave |    128 |    128 |      0 |     20 |      0 |   1 |  128.0 |
               +--------+--------+--------+--------+--------+-----+--------+

Top non-repeatable levels by time:
  Lair:5: 3371 daAuts
     D:9: 2731 daAuts
    D:11: 2579 daAuts
     D:8: 2408 daAuts
    D:13: 2366 daAuts
  Lair:1: 2198 daAuts
  Lair:2: 1929 daAuts
    D:14: 1755 daAuts
    D:10: 1727 daAuts
  Lair:4: 1638 daAuts
    D:12: 1576 daAuts
     D:3: 1356 daAuts
     D:1: 1332 daAuts
  Lair:3: 1315 daAuts
     D:5: 1265 daAuts
